 Dungeon Crawl Stone Soup version 0.28.0-43-g3370ac3207 (webtiles) character file.

Game seed: 18013177483453731778

324 silky the Cudgeller (level 6, -9/55 HPs)
             Began as a Minotaur Chaos Knight on Mar 30, 2022.
             Was a Plaything of Xom.
             Mangled by an iguana (12 damage)
             ... on level 4 of the Dungeon.
             The game lasted 00:07:18 (3570 turns).

silky the Cudgeller (Minotaur Chaos Knight)         Turns: 3570, Time: 00:07:18

Health: -9/55      AC:  7    Str: 18    XL:     6   Next: 23%
Magic:  14/14      EV: 10    Int:  9    God:    Xom [...*..]
Gold:   156        SH:  0    Dex: 10    Spells: 5/5 levels left

rFire   . . .      SeeInvis +   a - +0 mace (chaos)
rCold   . . .      Faith    .   (no shield)
rNeg    . . .      Spirit   .   f - +0 scale mail
rPois   .          Reflect  .   (helmet restricted)
rElec   .          Harm     .   (no cloak)
rCorr   .          Rampage  .   (no gloves)
Will    .....                   (no boots)
Stlth   ..........              (no amulet)
HPRegen 0.18/turn               d - ring of magical power
MPRegen 0.14/turn               m - ring of see invisible

@: lethally poisoned (-9 -> -15)
A: horns 2, retaliatory headbutt
a: Renounce Religion


You were on level 4 of the Dungeon.
You worshipped Xom.
You were a favourite toy of Xom.
You visited 1 branch of the dungeon, and saw 4 of its levels.

You collected 156 gold pieces.

Inventory:

Hand Weapons
 a - a +0 mace of chaos (weapon)
Armour
 f - a +0 scale mail (worn)
Jewellery
 d - a ring of magical power (left hand)
 m - a ring of see invisible (right hand)
Scrolls
 b - a scroll of vulnerability {unknown}
 e - 3 scrolls of immolation
 g - a scroll of magic mapping {unknown}
 h - a scroll of fear {unknown}
 j - a scroll of amnesia {unknown}
 k - a scroll of enchant armour {unknown}
 o - a scroll of enchant weapon {unknown}
 q - a scroll of teleportation {unknown}
Potions
 c - a potion of cancellation {unknown}
 i - a potion of flight {unknown}
 l - a potion of curing
 n - 2 potions of mutation {unknown}
 p - 3 potions of heal wounds {unknown}


   Skills:
 + Level 4.9 Fighting
 + Level 5.8 Maces & Flails
 + Level 4.5 Armour
 + Level 2.1 Dodging
 + Level 1.5 Stealth


You had 5 spell levels left.
You didn't know any spells.
Your spell library contained the following spells:

 Spells                   Type           Power      Damage    Failure   Level
 Cause Fear               Hex            0%         N/A       100%        4
 Dragon Form              Tmut           0%         N/A       100%        7
 Dragon's Call            Summ           0%         N/A       100%        9


Dungeon Overview and Level Annotations

Branches:
Dungeon (4/15)
 Temple: D:4-7

Altars:

Shops:
D:2 =!


Innate Abilities, Weirdness & Mutations

You have a pair of horns on your head.
You reflexively headbutt those who attack you in melee.


Message History

The iguana closely misses you.
You thump the iguana!
The iguana seems to grow stronger.
Xom is amused.
Your headbutt misses the iguana.
The iguana is heavily wounded.
The iguana bites you! The kobold hits you but does no damage.
You are poisoned.
You closely miss the iguana.
The iguana is heavily wounded.
You feel very sick. The iguana bites you.
The kobold hits you but does no damage.
You are more poisoned.
The iguana bites you!
You hit the iguana but do no damage. Your punch misses the iguana.
The iguana is heavily wounded.
You feel very sick. "Let it end in hellfire!"
The iguana is outlined in light. x2; The iguana bites you.
* * * LOW HITPOINT WARNING * * *
The kobold hits you but does no damage.
You are lethally poisoned!
The iguana misses you.
The iguana bites you but does no damage.
You feel better. The kobold hits you but does no damage.
You are poisoned.
The iguana bites you!
* * * LOW HITPOINT WARNING * * *
The iguana bites you.
* * * LOW HITPOINT WARNING * * *
You barely miss the iguana.
The iguana is heavily wounded.
* * * LOW HITPOINT WARNING * * *
You feel sick.
The kobold hits you with a +0 short sword of venom.
* * * LOW HITPOINT WARNING * * *
The iguana barely misses you. You furiously retaliate!
You headbutt the iguana, but do no damage.
The iguana bites you!
You die...
Xom snickers!

........#.......#
........#.#######
..♣..♣..#.#
........#.#
(.......'.#
).......'.#
........###
..♣..♣Kl#
......l@#
........#
..♣..♣!.#
........#
........#
#########


You could see 2 iguanas and a kobold.

Vanquished Creatures
  A phantom (D:2)
  2 hounds (D:4)
  A jelly (D:4)
  Jessica (D:2)
  An orc wizard (D:3)
  2 adders
  2 adder skeletons (D:4)
  A worm (D:3)
  6 dart slugs
  5 orcs
  6 ball pythons
  5 endoplasms
  2 giant cockroaches
  9 goblins
  2 hobgoblins
  6 jackals
  2 quokkas (D:3)
  6 bats
  2 frilled lizards (D:1)
  2 kobolds
  4 rats
68 creatures vanquished.

Vanquished Creatures (others)
  8 plants (D:1)
8 creatures vanquished.

Grand Total: 76 creatures vanquished

Notes
Turn   | Place    | Note
-------+----------+-------------------------------------------
     0 | D:1      | silky the Minotaur Chaos Knight began the quest for the
                  | Orb.
     0 | D:1      | Reached XP level 1. HP: 19/19 MP: 0/0
    17 | D:1      | XOM: silly message
   206 | D:1      | XOM: divination: magic mapping
   253 | D:1      | Reached XP level 2. HP: 27/27 MP: 1/1
   267 | D:1      | XOM: noise
   282 | D:1      | Reached skill level 4 in Maces & Flails
   602 | D:1      | Found a faded altar of an unknown god.
   633 | D:1      | XOM: smoke on damage
   757 | D:1      | Reached XP level 3. HP: 28/33 MP: 2/2
   954 | D:1      | XOM is BORED!
   954 | D:1      | XOM: silly message
  1176 | D:2      | Noticed Jessica
  1184 | D:2      | Killed Jessica
  1307 | D:2      | XOM: divination: magic mapping
  1414 | D:2      | Reached XP level 4. HP: 39/41 MP: 3/3
  1476 | D:2      | Found Dues's Distillery.
  1501 | D:2      | Noticed a phantom
  1512 | D:2      | XOM: potion effect (might)
  1513 | D:2      | Found Murph's Jewellery Shop.
  1515 | D:2      | XOM: smoke on damage
  1516 | D:2      | HP: 1/41 [phantom (8)]
  1518 | D:2      | Killed a phantom
  1519 | D:2      | Reached skill level 5 in Maces & Flails
  1519 | D:2      | Reached XP level 5. HP: 7/47 MP: 4/4
  2026 | D:3      | Reached skill level 1 in Stealth
  2032 | D:3      | XOM: 1-stop teleportation journey
  2512 | D:3      | XOM: cloud trail
  3055 | D:3      | XOM: noise
  3325 | D:4      | XOM: destruction
  3451 | D:4      | XOM: cleaving
  3455 | D:4      | Reached XP level 6. HP: 48/55 MP: 5/5
  3568 | D:4      | XOM: fake destruction
  3570 | D:4      | Mangled by an iguana

Illustrated notes

Levels and vault maps discovered:
D:1:      wander_arrival_estate, layout_loops_cross,
          hellmonk_ecumenical_altar_blasted, chequers_big_river,
          minmay_octomino_j4
D:2:      layout_basic, serial_shops, shop_fountains, shop_fountains,
          uniq_jessica
D:3:      layout_basic, minmay_crystal_water
D:4:      layout_loops_ring, minmay_temple_entry_poolview,
          gammafunk_ghost_split, kennysheep_dice

Skill      XL: |  1  2  3  4  5 |
---------------+----------------+-----
Fighting       | 4 |  4.9
Maces & Flails | 4 5 |  5.8
Armour         | 3 4 |  4.5
Stealth        | 1 |  1.5
Dodging        | 2 |  2.1

Action                   |  1- 3 |  4- 6 || total
-------------------------+-------+-------++-------
Melee: Mace              |    83 |    70 ||   153
       Headbutt          |     6 |     8 ||    14
  Use: Potion            |       |     2 ||     2
 Stab: Paralysed         |     3 |       ||     3
Armor: Leather armour    |    29 |       ||    29
       Ring mail         |    14 |    12 ||    26
       Scale mail        |       |    16 ||    16
Dodge: Dodged            |    63 |    51 ||   114
